[Event "ICCopen2017"]
[Site "Internet Chess Club"]
[Date "2017.04.02"]
[Round "4"]
[White "ZonaLeste"]
[Black "jbow79"]
[Result "1-0"]
[ICCResult "Black resigns"]
[WhiteElo "1628"]
[BlackElo "930"]
[Opening "Blackmar gambit"]
[ECO "B01"]
[NIC "VO.17"]
[Time "19:42:10"]
[TimeControl "180+0"]

1. e4 d5 2. d4 dxe4 3. Nc3 Nf6 4. f3 e3 5. Bxe3 e6 6. Bc4 Be7 7. Qe2 O-O 8.
O-O-O a5 9. d5 a4 10. dxe6 Bxe6 11. Rxd8 {Black resigns} 1-0

[Event "ICCopen2017"]
[Site "Internet Chess Club"]
[Date "2017.04.02"]
[Round "4"]
[White "MDRAFE3"]
[Black "SPARNALIQ"]
[Result "0-1"]
[ICCResult "White resigns"]
[WhiteElo "1978"]
[BlackElo "3000"]
[Opening "Trompowsky attack (Ruth, Opocenský opening)"]
[ECO "A45"]
[NIC "QP.07"]
[Time "19:41:30"]
[TimeControl "180+0"]

1. d4 Nf6 2. Bg5 Ne4 3. Bf4 c5 4. f3 Nf6 5. d5 Qb6 6. Nc3 g6 7. e4 Bg7 8.
Qd2 O-O 9. O-O-O e6 10. h4 exd5 11. exd5 Re8 12. Bh6 Bh8 13. h5 Na6 14. hxg6
fxg6 15. d6 Nb4 16. Bc4+ Re6 17. Bxe6+ dxe6 18. Nh3 Ne4 19. Qf4 Nxa2+ 20.
Kb1 Naxc3+ {White resigns} 0-1

[Event "ICCopen2017"]
[Site "Internet Chess Club"]
[Date "2017.04.02"]
[Round "4"]
[White "Ohanessian"]
[Black "MyLien"]
[Result "1-0"]
[ICCResult "Black resigns"]
[WhiteElo "2130"]
[BlackElo "1565"]
[Opening "Sicilian"]
[ECO "B53"]
[NIC "SI.01"]
[Time "19:41:03"]
[TimeControl "180+0"]

1. e4 c5 2. Nf3 d6 3. d4 Nd7 4. Nc3 e6 5. Be3 Qc7 6. Bb5 a6 7. Bxd7+ Bxd7 8.
dxc5 dxc5 9. Qe2 Bc6 10. O-O-O Nf6 11. Nd5 Nxd5 12. exd5 Bxd5 13. Rxd5 exd5
14. Bxc5+ Kd7 15. Ne5+ Kc8 16. Qg4+ Kb8 17. Nd7+ Kc8 18. Nxf8+ Kb8 19. Nd7+
Kc8 20. Nb6+ Kb8 21. Rd1 Qxc5 22. Nd7+ {Black resigns} 1-0

[Event "ICCopen2017"]
[Site "Internet Chess Club"]
[Date "2017.04.02"]
[Round "4"]
[White "A4-H5"]
[Black "Eloist"]
[Result "1-0"]
[ICCResult "Black resigns"]
[WhiteElo "1844"]
[BlackElo "2129"]
[Opening "English, Nimzovich variation"]
[ECO "A20"]
[NIC "EO.25"]
[Time "19:41:01"]
[TimeControl "180+0"]

1. c4 e5 2. Nf3 Nc6 3. d4 e4 4. Ng5 h6 5. Nxe4 Qh4 6. Nbc3 Bb4 7. Qd3 d5 8.
cxd5 Bf5 9. dxc6 Bxe4 10. cxb7 Bxc3+ 11. bxc3 Rb8 12. Qb5+ c6 13. Qe5+
{Black resigns}
1-0

[Event "ICCopen2017"]
[Site "Internet Chess Club"]
[Date "2017.04.02"]
[Round "4"]
[White "ziggyalbert"]
[Black "cheslikeyomama"]
[Result "1-0"]
[ICCResult "Black checkmated"]
[WhiteElo "1285"]
[BlackElo "1400"]
[Opening "English opening"]
[ECO "A10"]
[NIC "EO.64"]
[Time "19:41:33"]
[TimeControl "180+0"]

1. c4 g6 2. Nc3 Bg7 3. g3 d6 4. Bg2 f5 5. d3 e5 6. b3 Nh6 7. Bb2 O-O 8. Qd2
Nc6 9. Nf3 Nf7 10. Nd5 Nd4 11. Nxd4 exd4 12. O-O-O a5 13. a4 g5 14. f4 c6
15. fxg5 cxd5 16. Bxd5 Kh8 17. g6 hxg6 18. h3 Bh6 19. e3 Bxe3 20. Qxe3 Ne5
21. Qh6# {Black checkmated} 1-0

[Event "ICCopen2017"]
[Site "Internet Chess Club"]
[Date "2017.04.02"]
[Round "4"]
[White "ehkopean"]
[Black "Smelterlife"]
[Result "1-0"]
[ICCResult "Black checkmated"]
[WhiteElo "1645"]
[BlackElo "351"]
[Opening "Petrov: Nimzovich attack"]
[ECO "C42"]
[NIC "RG.03"]
[Time "19:41:25"]
[TimeControl "180+0"]

1. e4 e5 2. Nf3 Nf6 3. Nxe5 d6 4. Nf3 Nxe4 5. Nc3 Nxc3 6. dxc3 Be7 7. Bd3
O-O 8. Be3 Bg4 9. h3 Bh5 10. g4 Bg6 11. Qd2 Bxd3 12. cxd3 d5 13. O-O-O Nc6
14. Kb1 b5 15. h4 h6 16. g5 hxg5 17. hxg5 g6 18. Rh2 Na5 19. Rdh1 f5 20. Ne5
Qd6 21. Rh8+ Kg7 22. R1h7# {Black checkmated} 1-0

[Event "ICCopen2017"]
[Site "Internet Chess Club"]
[Date "2017.04.02"]
[Round "4"]
[White "blunder23"]
[Black "Mormegil"]
[Result "0-1"]
[ICCResult "White resigns"]
[WhiteElo "1498"]
[BlackElo "1766"]
[Opening "Danish gambit: Sorensen defense"]
[ECO "C21"]
[NIC "KP.04"]
[Time "19:40:47"]
[TimeControl "180+0"]

1. e4 e5 2. d4 exd4 3. c3 d5 4. cxd4 dxe4 5. Nc3 Nf6 6. f3 exf3 7. Nxf3 Be7
8. Bc4 O-O 9. O-O Nc6 10. Ng5 Qxd4+ 11. Qxd4 Nxd4 12. Nxf7 Rxf7 13. Bxf7+
Kxf7 14. Be3 Nc2 15. Ne4 Nxe3 16. Rxf6+ Bxf6 17. Re1 Nc2 18. Re2 Nd4 19. Rf2
Be6 20. h3 Re8 21. g4 h6 22. g5 hxg5 23. Nxg5+ Kg8 24. Ne4 Bxa2 25. Nxf6+
gxf6 26. Rxf6 Re6 27. Rf4 c5 28. b4 b6 29. Kf2 Re2+ 30. Kg3 Bd5 31. bxc5
bxc5 32. Kh4 Re4 33. Rg4+ Rxg4+ 34. hxg4 a5 35. g5 a4 {White resigns} 0-1

[Event "ICCopen2017"]
[Site "Internet Chess Club"]
[Date "2017.04.02"]
[Round "4"]
[White "arshavin2015"]
[Black "usafchamp"]
[Result "1-0"]
[ICCResult "Black resigns"]
[WhiteElo "1970"]
[BlackElo "1444"]
[Opening "Benko's opening"]
[ECO "A00"]
[NIC "VO.09"]
[Time "19:41:32"]
[TimeControl "180+0"]

1. g3 Nf6 2. Bg2 e6 3. e4 d5 4. e5 c5 5. d4 Nfd7 6. c3 Nc6 7. Ne2 b6 8. O-O
a5 9. h4 Ba6 10. Re1 Be7 11. a3 h6 12. Nd2 Bxe2 13. Qxe2 Rc8 14. Nf3 cxd4
15. cxd4 O-O 16. Rd1 Qc7 17. Be3 Na7 18. Rac1 Qb7 19. g4 Rxc1 20. Bxc1 Rc8
21. g5 h5 22. g6 fxg6 23. Bg5 Nf8 24. Qd3 Nh7 25. Qxg6 Nxg5 26. Nxg5 Bxg5
27. Qxe6+ Kh8 28. hxg5 Nc6 29. Bxd5 Ne7 30. Bxb7 {Black resigns} 1-0

[Event "ICCopen2017"]
[Site "Internet Chess Club"]
[Date "2017.04.02"]
[Round "4"]
[White "ALexiz"]
[Black "blackhole1"]
[Result "1-0"]
[ICCResult "Black resigns"]
[WhiteElo "1747"]
[BlackElo "1565"]
[Opening "Queen's pawn, Mason variation"]
[ECO "D00"]
[NIC "QP.08"]
[Time "19:41:15"]
[TimeControl "180+0"]

1. d4 d5 2. Bf4 e6 3. e3 Nf6 4. c3 Be7 5. Nd2 O-O 6. Bd3 h6 7. Ngf3 a6 8. h3
b5 9. O-O Bb7 10. Ne5 Nbd7 11. a4 c6 12. Qe2 Rc8 13. axb5 cxb5 14. g4 Nb6
15. g5 hxg5 16. Bxg5 Ne4 17. Bxe7 Qxe7 18. Bxe4 dxe4 19. Nb3 Qg5+ 20. Kh2
Nc4 21. Rg1 Qh4 22. Nxc4 Rxc4 23. Nc5 b4 24. Nxb7 Rc7 25. Nc5 e5 26. Rxa6
exd4 27. cxd4 Rd8 28. Rg4 Qh7 29. Rb6 Rd5 30. Rxb4 Rh5 31. Rb8+ {Black
resigns} 1-0

[Event "ICCopen2017"]
[Site "Internet Chess Club"]
[Date "2017.04.02"]
[Round "4"]
[White "volver"]
[Black "GideonL"]
[Result "0-1"]
[ICCResult "White resigns"]
[WhiteElo "1318"]
[BlackElo "1635"]
[Opening "Pirc defense"]
[ECO "B07"]
[NIC "PU.08"]
[Time "19:40:42"]
[TimeControl "180+0"]

1. d4 d6 2. e4 Nf6 3. Bd3 e5 4. c3 Be7 5. f4 exd4 6. cxd4 O-O 7. Nf3 Bg4 8.
Nc3 c5 9. Be3 cxd4 10. Bxd4 Bxf3 11. Qxf3 Nbd7 12. O-O b6 13. Bc2 Nc5 14.
Rac1 Qd7 15. Rfd1 Qg4 16. Qxg4 Nxg4 17. e5 dxe5 18. fxe5 Ne6 19. h3 Nxd4 20.
Rxd4 Nxe5 21. Re4 Bf6 22. Nd5 Rac8 23. Nxf6+ gxf6 24. Ree1 Rc5 25. b3 Rfc8
26. Kf1 Rxc2 27. Rxc2 Rxc2 {White resigns} 0-1

[Event "ICCopen2017"]
[Site "Internet Chess Club"]
[Date "2017.04.02"]
[Round "4"]
[White "manusupergm2001"]
[Black "beaupre"]
[Result "1-0"]
[ICCResult "Black checkmated"]
[WhiteElo "2218"]
[BlackElo "1828"]
[Opening "Nimzovich-Larsen attack: Indian variation"]
[ECO "A01"]
[NIC "VO.08"]
[Time "19:41:54"]
[TimeControl "180+0"]

1. b3 Nf6 2. Bb2 d5 3. e3 e5 4. Bxe5 Nc6 5. Bb2 Bf5 6. Nf3 Bb4 7. Bb5 a6 8.
Bxc6+ bxc6 9. Nd4 Bg6 10. Nxc6 Qd6 11. Nxb4 Qxb4 12. O-O Ne4 13. d3 Ng5 14.
Nc3 c6 15. Ne2 Qg4 16. Ng3 Qh4 17. f4 Bh5 18. Nxh5 Nh3+ 19. gxh3 Rg8 20. Qg4
Qe7 21. Nf6+ Kf8 22. Nxh7+ Ke8 23. Nf6+ Kf8 24. Nxg8 Kxg8 25. Qxg7#
{Black checkmated}
1-0

[Event "ICCopen2017"]
[Site "Internet Chess Club"]
[Date "2017.04.02"]
[Round "4"]
[White "Nos"]
[Black "elifly6"]
[Result "1-0"]
[ICCResult "Black resigns"]
[WhiteElo "2185"]
[BlackElo "1720"]
[Opening "French: advance, Steinitz variation"]
[ECO "C02"]
[NIC "FR.03"]
[Time "19:41:32"]
[TimeControl "180+0"]

1. e4 e6 2. d4 d5 3. e5 c5 4. dxc5 Nc6 5. a3 Nxe5 6. b4 a5 7. Bb2 Qc7 8. Be2
Nf6 9. Nd2 Ng6 10. Ngf3 b6 11. cxb6 Qxb6 12. Bd4 Qc7 13. O-O axb4 14. axb4
Rxa1 15. Qxa1 Be7 16. c4 O-O 17. c5 Bd7 18. Rc1 Ra8 {Black resigns} 1-0

[Event "ICCopen2017"]
[Site "Internet Chess Club"]
[Date "2017.04.02"]
[Round "4"]
[White "Vogel"]
[Black "Cu-Chulainn"]
[Result "1-0"]
[ICCResult "Black resigns"]
[WhiteElo "2169"]
[BlackElo "1647"]
[Opening "Sicilian: dragon, classical, 9.Nb3"]
[ECO "B74"]
[NIC "SI.15"]
[Time "19:42:38"]
[TimeControl "180+0"]

1. e4 c5 2. Nf3 d6 3. d4 cxd4 4. Nxd4 Nf6 5. Nc3 g6 6. Be2 Bg7 7. O-O O-O 8.
Be3 Nc6 9. Nb3 Be6 10. f4 a6 11. a4 Rc8 12. Kh1 Ng4 13. Bxg4 Bxg4 14. Qxg4
Nb4 15. Qe2 e6 16. Rad1 Qc7 17. Bd4 e5 18. fxe5 dxe5 19. Be3 f5 20. a5 f4
21. Bc5 Rfd8 22. Bxb4 Qc4 23. Qxc4+ Rxc4 24. Rxd8+ {Black resigns} 1-0

[Event "ICCopen2017"]
[Site "Internet Chess Club"]
[Date "2017.04.02"]
[Round "4"]
[White "Last7Samurai"]
[Black "alejandrorios"]
[Result "1-0"]
[ICCResult "Black resigns"]
[WhiteElo "2684"]
[BlackElo "2101"]
[Opening "Sicilian: Najdorf"]
[ECO "B90"]
[NIC "SI.14"]
[Time "19:41:42"]
[TimeControl "180+0"]

1. e4 c5 2. Nf3 d6 3. d4 cxd4 4. Nxd4 Nf6 5. Nc3 a6 6. h4 e5 7. Nb3 Be6 8.
f4 Bg4 9. Be2 Bxe2 10. Qxe2 Nc6 11. Be3 Be7 12. O-O-O Qc7 13. g4 exf4 14.
Bxf4 Ne5 15. g5 Nfd7 16. Nd5 Qc6 17. Nd4 Qc8 18. Nxe7 Kxe7 19. Nf5+ Kf8 20.
Nxd6 Qc6 21. Rhf1 Kg8 22. h5 b5 23. h6 b4 24. hxg7 Kxg7 25. Qh2 Ng6 26. Qh6+
Kg8 27. Nf5 {Black resigns} 1-0

[Event "ICCopen2017"]
[Site "Internet Chess Club"]
[Date "2017.04.02"]
[Round "4"]
[White "thxgg"]
[Black "TheDonald"]
[Result "0-1"]
[ICCResult "White resigns"]
[WhiteElo "1820"]
[BlackElo "2158"]
[Opening "Old Benoni defense"]
[ECO "A44"]
[NIC "OI.09"]
[Time "19:40:42"]
[TimeControl "180+0"]

1. d4 c5 2. d5 e5 3. c4 d6 4. Nc3 Ne7 5. e4 g6 6. Bd3 Bg7 7. Be3 O-O 8. f3
Nd7 9. Nge2 f5 10. Qd2 Nf6 11. O-O-O a6 12. Kb1 Bd7 13. h4 b5 14. exf5 gxf5
15. Bh6 b4 16. Bxg7 Kxg7 17. Qg5+ Kh8 18. Ng3 bxc3 19. h5 Rf7 20. Nxf5 Nxf5
21. Bxf5 Bxf5+ 22. Qxf5 Qd7 23. Qd3 cxb2 24. g4 Ng8 25. Rde1 Raf8 26. Re3
Rf4 27. Kxb2 Qa4 28. g5 Qxc4 29. g6 Qxd3 30. Rxd3 Rxf3 31. Rg1 Kg7 32. gxh7+
Kxh7 33. Rb3 Rxb3+ 34. axb3 Nf6 {White resigns} 0-1

[Event "ICCopen2017"]
[Site "Internet Chess Club"]
[Date "2017.04.02"]
[Round "4"]
[White "UnderArmour"]
[Black "Tlaloc"]
[Result "0-1"]
[ICCResult "White resigns"]
[WhiteElo "1924"]
[BlackElo "2507"]
[Opening "Petrov: Nimzovich attack"]
[ECO "C42"]
[NIC "RG.03"]
[Time "19:41:38"]
[TimeControl "180+0"]

1. e4 e5 2. Nf3 Nf6 3. Nxe5 d6 4. Nf3 Nxe4 5. Nc3 Nxc3 6. dxc3 Be7 7. Be3
Nc6 8. Qd2 Be6 9. O-O-O Qd7 10. Kb1 O-O-O 11. h3 h6 12. g4 a6 13. Bg2 Rhe8
14. Nd4 Nxd4 15. Bxd4 f6 16. f4 Bf7 17. f5 Bf8 18. Qd3 Kb8 19. c4 c6 20. Bb6
Rc8 21. c5 d5 22. Qg3+ Ka8 23. Bf1 Re5 24. Qa3 Kb8 25. Rd3 Re1+ {White
resigns} 0-1

[Event "ICCopen2017"]
[Site "Internet Chess Club"]
[Date "2017.04.02"]
[Round "4"]
[White "nahuels1992"]
[Black "Alright2015"]
[Result "0-1"]
[ICCResult "White resigns"]
[WhiteElo "1655"]
[BlackElo "2244"]
[Opening "Scandinavian (center counter) defense"]
[ECO "B01"]
[NIC "SD.01"]
[Time "19:41:32"]
[TimeControl "180+0"]

1. e4 d5 2. exd5 Qxd5 3. Nc3 Qa5 4. d4 c6 5. Bc4 Nf6 6. Bd2 Bf5 7. f3 e6 8.
Qe2 Bb4 9. g4 Bg6 10. Nh3 Nbd7 11. Nf4 O-O-O 12. O-O-O Nb6 13. a3 Bxa3 14.
bxa3 Qxa3+ 15. Kb1 Qb4+ 16. Bb3 Qxb3+ 17. Ka1 Bxc2 18. Rc1 Nc4 19. Nd3 Rd5
20. Rxc2 Qxc2 21. Nxd5 exd5 22. Rd1 Re8 23. Bf4 Rxe2 {White resigns} 0-1

[Event "ICCopen2017"]
[Site "Internet Chess Club"]
[Date "2017.04.02"]
[Round "4"]
[White "YaacovN"]
[Black "Saniser"]
[Result "1-0"]
[ICCResult "Black resigns"]
[WhiteElo "2803"]
[BlackElo "2208"]
[Opening "QGD Slav: exchange variation, 6.Bf4 Bf5"]
[ECO "D14"]
[NIC "SL.02"]
[Time "19:41:11"]
[TimeControl "180+0"]

1. d4 d5 2. Nf3 c6 3. c4 Nf6 4. cxd5 cxd5 5. Nc3 Nc6 6. Bf4 Bf5 7. Qb3 Na5
8. Qa4+ Bd7 9. Qc2 Rc8 10. e3 e6 11. Bd3 Nc4 12. O-O Bb4 13. Bxc4 Rxc4 14.
Ne5 Rc8 15. Qb3 Qb6 16. Nxd7 Nxd7 17. Na4 Qa5 18. a3 b5 19. axb4 bxa4 20.
Rxa4 Qb6 21. Qa3 O-O 22. Rxa7 Nf6 23. f3 Rc4 24. Ra8 Rcc8 25. Rxc8 Rxc8 26.
Qa5 Qb7 27. b5 Nd7 28. Qa6 Qxa6 29. bxa6 Ra8 30. Ra1 f6 31. Bd6 Kf7 32. b4
Ke8 33. b5 Kd8 34. f4 Nb6 35. Bc5 Kc7 36. Rc1 Nc4 37. Rb1 Nb6 38. Kf2 f5 39.
Ke2 Nc4 40. b6+ Kb8 41. Ra1 Nb2 42. b7 {Black resigns} 1-0

[Event "ICCopen2017"]
[Site "Internet Chess Club"]
[Date "2017.04.02"]
[Round "4"]
[White "ChessIncognito"]
[Black "CristianS"]
[Result "0-1"]
[ICCResult "White resigns"]
[WhiteElo "1636"]
[BlackElo "2084"]
[Opening "KGD: Falkbeer, Tartakower variation"]
[ECO "C31"]
[NIC "KG.04"]
[Time "19:41:54"]
[TimeControl "180+0"]

1. f4 e5 2. e4 d5 3. Nf3 dxe4 4. Nxe5 Bc5 5. Bc4 Nh6 6. c3 Qh4+ 7. g3 Qh3 8.
Qe2 O-O 9. d4 exd3 10. Bxd3 Ng4 11. Qe4 Nf6 12. Qf3 Nc6 13. Be3 Nxe5 14.
fxe5 Bg4 15. Qf4 Nd5 16. Qe4 Nxe3 {White resigns} 0-1

[Event "ICCopen2017"]
[Site "Internet Chess Club"]
[Date "2017.04.02"]
[Round "4"]
[White "WobblySquares"]
[Black "VrloJakMK"]
[Result "0-1"]
[ICCResult "White resigns"]
[WhiteElo "1579"]
[BlackElo "2026"]
[Opening "French: exchange variation"]
[ECO "C01"]
[NIC "FR.01"]
[Time "19:41:45"]
[TimeControl "180+0"]

1. e4 e6 2. d4 d5 3. exd5 exd5 4. Nf3 Nf6 5. Bd3 c5 6. c3 Nc6 7. O-O cxd4 8.
cxd4 Be7 9. Re1 O-O 10. Bf4 Bg4 11. Nbd2 Nxd4 12. Rc1 Bb4 13. Bb1 Nxf3+ 14.
Nxf3 Bxe1 15. Qd3 Ba5 16. Be5 Ne4 17. Bxg7 Kxg7 18. Ne5 Bf5 19. f3 Nd6 20.
Qd4 Bb6 21. Rc5 Bxc5 22. Qxc5 Qb6 {White resigns} 0-1

[Event "ICCopen2017"]
[Site "Internet Chess Club"]
[Date "2017.04.02"]
[Round "4"]
[White "JustinL"]
[Black "Montserrat"]
[Result "1-0"]
[ICCResult "Black checkmated"]
[WhiteElo "2269"]
[BlackElo "1845"]
[Opening "Queen's bishop game"]
[ECO "D02"]
[NIC "QP.08"]
[Time "19:40:54"]
[TimeControl "180+0"]

1. d4 d5 2. Nf3 Nf6 3. Bf4 e6 4. e3 Be7 5. Bd3 O-O 6. O-O Nbd7 7. Nbd2 b6 8.
Re1 Bb7 9. Ne5 c5 10. c3 c4 11. Bc2 Nxe5 12. Bxe5 Nd7 13. Bg3 f5 14. f3 Nf6
15. e4 fxe4 16. fxe4 Nxe4 17. Nxe4 dxe4 18. Qg4 Rf6 19. Bxe4 Bxe4 20. Rxe4
Rg6 21. Qe2 Qd7 22. Qxc4 Re8 23. Rae1 Bd6 24. Be5 Bxe5 25. Rxe5 Kf7 26. d5
Re7 27. dxe6+ Rgxe6 28. Rxe6 Rxe6 29. Rxe6 Qxe6 30. Qxe6+ Kxe6 31. Kf2 Kd5
32. Ke3 Kc4 33. Kd2 b5 34. Kc2 a5 35. b3+ Kc5 36. Kd3 Kd5 37. c4+ Kc5 38. a3
a4 39. b4+ Kc6 40. c5 Kd5 41. g3 g5 42. h3 h6 43. g4 Ke5 44. c6 Kd6 45. Kd4
Kxc6 46. Ke5 Kd7 47. Kd5 Kc7 48. Kc5 Kd7 49. Kxb5 Ke6 50. Kxa4 Ke5 51. b5
Kf4 52. b6 Kg3 53. b7 Kxh3 54. b8=Q Kxg4 55. Qh8 h5 56. Kb3 h4 57. a4 Kg3
58. a5 g4 59. a6 h3 60. a7 Kh2 61. a8=Q g3 62. Qhb8 Kg1 63. Qxg3+ Kf1 64.
Qaf3# {Black checkmated} 1-0

[Event "ICCopen2017"]
[Site "Internet Chess Club"]
[Date "2017.04.02"]
[Round "4"]
[White "fisherino"]
[Black "LeonSantillan"]
[Result "0-1"]
[ICCResult "White resigns"]
[WhiteElo "1551"]
[BlackElo "1866"]
[Opening "Caro-Kann: advance variation"]
[ECO "B12"]
[NIC "CK.02"]
[Time "19:41:22"]
[TimeControl "180+0"]

1. e4 c6 2. d4 d5 3. e5 c5 4. Nf3 Nc6 5. Nc3 Bg4 6. dxc5 e6 7. Bb5 Bxc5 8.
Bxc6+ bxc6 9. h3 Bh5 10. g4 Bg6 11. O-O Ne7 12. Nh4 Qc7 13. Nxg6 hxg6 14.
Kg2 Qxe5 15. Qf3 Qc7 16. Bf4 Bd6 17. Bxd6 Qxd6 18. Rad1 Qc7 19. Ne2 O-O 20.
Rfe1 c5 21. Nf4 d4 22. Rxe6 fxe6 23. Qe4 Qxf4 24. Qxe6+ Qf7 25. Re1 Qxe6 26.
Rxe6 Nd5 27. Rc6 Rac8 28. Rd6 Rfd8 29. Rxg6 Nf4+ 30. Kg3 Nxg6 {White
resigns} 0-1

[Event "ICCopen2017"]
[Site "Internet Chess Club"]
[Date "2017.04.02"]
[Round "4"]
[White "dashingfox"]
[Black "Ricardov"]
[Result "0-1"]
[ICCResult "White checkmated"]
[WhiteElo "1880"]
[BlackElo "2275"]
[Opening "Ruy Lopez: closed, Keres (...Nd7) defense"]
[ECO "C96"]
[NIC "RL.23"]
[Time "19:41:18"]
[TimeControl "180+0"]

1. e4 e5 2. Nf3 Nc6 3. Bb5 a6 4. Ba4 Nf6 5. O-O Be7 6. Re1 b5 7. Bb3 d6 8.
c3 O-O 9. h3 Na5 10. Bc2 c5 11. d4 Nd7 12. d5 Nb6 13. Nbd2 g6 14. Nf1 f5 15.
Bh6 Rf7 16. exf5 gxf5 17. Ng3 e4 18. Nh2 Nac4 19. b3 Ne5 20. Bf4 Bb7 21. Qh5
Qd7 22. a4 Nxd5 23. Bxe5 dxe5 24. Rad1 Qe6 25. c4 Nf4 26. Qxf7+ Kxf7 27.
axb5 axb5 28. cxb5 Ra2 29. Bb1 Rb2 30. Nxf5 Qxf5 31. Ng4 Kg6 32. Ne3 Nxh3+
33. Kh2 Qf4+ 34. Kxh3 Bc8+ 35. g4 Qf3+ 36. Kh2 Qxf2+ 37. Kh3 Qh2#
{White checkmated}
0-1

[Event "ICCopen2017"]
[Site "Internet Chess Club"]
[Date "2017.04.02"]
[Round "4"]
[White "Svinotigr"]
[Black "Kiketf"]
[Result "0-1"]
[ICCResult "White forfeits on time"]
[WhiteElo "1773"]
[BlackElo "2132"]
[Opening "Réti opening"]
[ECO "A05"]
[NIC "QP.11"]
[Time "19:41:11"]
[TimeControl "180+0"]

1. Nf3 Nf6 2. d3 d5 3. Nbd2 c5 4. e4 Nc6 5. g3 e5 6. Bg2 Be7 7. O-O dxe4 8.
dxe4 O-O 9. Re1 b6 10. h4 Ba6 11. Bf1 Qc8 12. c3 Rd8 13. Qc2 Bxf1 14. Nxf1
Qh3 15. N1h2 Ng4 16. Nxg4 Qxg4 17. Nh2 Qd7 18. Qe2 Qd3 19. Qxd3 Rxd3 20. Be3
Na5 21. Re2 Rad8 22. Kg2 Nc4 23. Nf1 f6 24. h5 Kf7 25. Rc1 Rd1 26. Rxd1 Rxd1
27. b3 Nd6 28. f3 Ke6 29. Rd2 Re1 30. Kf2 Ra1 31. Ke2 c4 32. Nh2 Nb5 33. Rc2
Rxa2 34. Rxa2 Nxc3+ 35. Kd2 Nxa2 36. bxc4 f5 37. exf5+ Kxf5 38. g4+ Ke6 39.
Nf1 Nb4 40. Kc3 Nc6 41. Ng3 Bb4+ 42. Kd3 Be7 43. Nf5 g6 44. hxg6 hxg6 45.
Ng3 Bd8 46. Ne4 a6 47. Nc3 Nb4+ 48. Kd2 Nc6 49. Nd5 b5 {White forfeits on
time} 0-1

[Event "ICCopen2017"]
[Site "Internet Chess Club"]
[Date "2017.04.02"]
[Round "4"]
[White "giovana64"]
[Black "Neurisdr"]
[Result "0-1"]
[ICCResult "White checkmated"]
[WhiteElo "1625"]
[BlackElo "2889"]
[Opening "King's Indian: Petrosian system, Stein variation"]
[ECO "E92"]
[NIC "KI.17"]
[Time "19:41:54"]
[TimeControl "180+0"]

1. d4 Nf6 2. c4 g6 3. Nc3 Bg7 4. e4 d6 5. Nf3 O-O 6. Be2 e5 7. d5 a5 8. Bg5
h6 9. Bh4 g5 10. Bg3 Nh5 11. O-O Na6 12. Ne1 Nf4 13. Bg4 Nc5 14. Bxc8 Qxc8
15. b3 f5 16. f3 h5 17. a3 g4 18. Bxf4 exf4 19. Nd3 Bxc3 20. Nxc5 dxc5 21.
Rc1 Bd4+ 22. Kh1 fxe4 23. fxe4 Qe8 24. Qd3 Qe5 25. Rce1 Rae8 26. h3 f3 27.
gxf3 Qg3 28. hxg4 Qh3# {White checkmated} 0-1

[Event "ICCopen2017"]
[Site "Internet Chess Club"]
[Date "2017.04.02"]
[Round "4"]
[White "Zheus"]
[Black "penguingm1"]
[Result "0-1"]
[ICCResult "White resigns"]
[WhiteElo "1990"]
[BlackElo "2872"]
[Opening "Réti: Nimzovich-Larsen attack"]
[ECO "A06"]
[NIC "QP.09"]
[Time "19:40:40"]
[TimeControl "180+0"]

1. Nf3 d5 2. b3 e6 3. Bb2 Nf6 4. e3 c5 5. d4 Nc6 6. Be2 Bd6 7. O-O O-O 8.
Ne5 Qc7 9. f4 b6 10. Nd2 Bb7 11. Rc1 Ne7 12. c3 Nf5 13. Rf3 Ne4 14. Nxe4
dxe4 15. Rh3 f6 16. Ng4 Qf7 17. Nf2 Rad8 18. g4 cxd4 19. gxf5 dxe3 20. Ng4
Bxf4 21. Qf1 Bg5 22. fxe6 Qxe6 23. Nxe3 Rd3 24. Nf5 g6 25. Bxd3 exd3 26. Nd4
Qg4+ 27. Kf2 Re8 28. Re1 Bh4+ 29. Rg3 Rxe1 30. Kxe1 Bxg3+ 31. hxg3 Qxg3+ 32.
Qf2 d2+ {White resigns} 0-1

[Event "ICCopen2017"]
[Site "Internet Chess Club"]
[Date "2017.04.02"]
[Round "4"]
[White "newtonpp"]
[Black "Nightlife"]
[Result "0-1"]
[ICCResult "White resigns"]
[WhiteElo "1503"]
[BlackElo "1784"]
[Opening "French defense"]
[ECO "C00"]
[NIC "FR.01"]
[Time "19:42:07"]
[TimeControl "180+0"]

1. e4 e6 2. Nf3 d5 3. exd5 e5 4. Nxe5 Bd6 5. d4 Nf6 6. Bd3 Nxd5 7. O-O O-O
8. c4 Nb4 9. Nc3 Nxd3 10. Nxd3 Bf5 11. c5 Be7 12. Ne5 Nd7 13. f4 Nf6 14. h3
Be4 15. Be3 c6 16. Qe2 Bd5 17. Rad1 Ne4 18. Qg4 f5 19. Qh5 Ng3 {White
resigns} 0-1

[Event "ICCopen2017"]
[Site "Internet Chess Club"]
[Date "2017.04.02"]
[Round "4"]
[White "BirchRun"]
[Black "chavo"]
[Result "0-1"]
[ICCResult "White resigns"]
[WhiteElo "1610"]
[BlackElo "2320"]
[Opening "Trompowsky attack (Ruth, Opocenský opening)"]
[ECO "A45"]
[NIC "QP.07"]
[Time "19:41:16"]
[TimeControl "180+0"]

1. d4 Nf6 2. Bg5 e6 3. e3 h6 4. Bh4 Be7 5. Bd3 b6 6. Nd2 Bb7 7. c3 d6 8.
Ngf3 Nbd7 9. O-O O-O 10. e4 e5 11. d5 Nh5 12. Bxe7 Qxe7 13. c4 Nf4 14. Nb3
Nc5 15. Nxc5 bxc5 16. a3 Bc8 17. b4 cxb4 18. axb4 Qf6 19. c5 Bh3 20. g3 Nxd3
21. Qxd3 Bxf1 22. Qxf1 Rfb8 23. Nh4 Rxb4 24. cxd6 cxd6 25. Qa6 Rxe4 26. Qc6
Rb8 27. Nf5 Qxf5 28. Qxd6 Rb2 29. Rf1 Re1 30. Qa6 Rxf1+ 31. Qxf1 Rb1 32. Kg2
Rxf1 33. Kxf1 Qd3+ 34. Kg2 Qxd5+ {White resigns} 0-1

[Event "ICCopen2017"]
[Site "Internet Chess Club"]
[Date "2017.04.02"]
[Round "4"]
[White "Baltimora"]
[Black "Unbeliever"]
[Result "1-0"]
[ICCResult "Black resigns"]
[WhiteElo "2193"]
[BlackElo "1779"]
[Opening "Dutch defense"]
[ECO "A87"]
[NIC "HD.06"]
[Time "19:42:01"]
[TimeControl "180+0"]

1. d4 f5 2. g3 Nf6 3. Bg2 g6 4. Nf3 Bg7 5. O-O O-O 6. c4 d6 7. Nc3 Qe8 8. d5
Na6 9. Nd4 Bd7 10. e4 fxe4 11. Nxe4 Nxe4 12. Bxe4 Bh3 13. Bg2 Bxg2 14. Kxg2
Nc5 15. b4 Ne4 16. Re1 Nxf2 17. Qd2 Qd7 18. Re6 c5 19. Bb2 cxd4 20. Bxd4 Ng4
21. Rae1 Rf7 22. Bxg7 Rxg7 23. Qd4 Nf6 24. c5 Rf8 25. cxd6 exd6 26. Rxf6 Qg4
27. Rxf8+ Kxf8 28. Qxg4 {Black resigns} 1-0

[Event "ICCopen2017"]
[Site "Internet Chess Club"]
[Date "2017.04.02"]
[Round "4"]
[White "Mandragora"]
[Black "Peaceful-Death"]
[Result "0-1"]
[ICCResult "White checkmated"]
[WhiteElo "1561"]
[BlackElo "1972"]
[Opening "Queen's pawn game"]
[ECO "A45"]
[NIC "QP.07"]
[Time "19:40:55"]
[TimeControl "180+0"]

1. d4 Nf6 2. g3 e6 3. Bg2 d5 4. c3 Nbd7 5. Nd2 Be7 6. e4 O-O 7. e5 Ne8 8.
Ne2 f5 9. exf6 Ndxf6 10. O-O c5 11. Nf3 cxd4 12. Nfxd4 e5 13. Nb3 Nc7 14.
Bg5 Be6 15. Qc2 h6 16. Bxf6 Bxf6 17. Rad1 Rc8 18. Qb1 a6 19. c4 d4 20. Nc5
Bxc4 21. Nxb7 Qe7 22. Rfe1 Bf7 23. Nxd4 Nd5 24. Bxd5 Bxd5 25. Nf5 Qc7 26.
Rxd5 Qxb7 27. Red1 Rc7 28. b3 Bg5 29. Qd3 Rcf7 30. h4 Rxf5 31. hxg5 Rxf2 32.
Rd2 R2f3 33. Qc4 Kh8 34. R5d3 Qb6+ 35. Kg2 Rf2+ 36. Rxf2 Qxf2+ 37. Kh3 hxg5
38. Kg4 Qf5+ 39. Kh5 g6+ 40. Kh6 g4 41. Qc7 Qh5# {White checkmated} 0-1